 Dungeon Crawl Stone Soup version 0.22.0-75-g3901e79 (webtiles) character file.

1029 troglodite the Slasher (level 8, 0/61 HPs)
             Began as a Demonspawn Berserker on Sept 13, 2018.
             Was a Priest of Trog.
             Slain by an orc warrior
             ... wielding a +0 hand axe
              (12 damage)
             ... on level 6 of the Dungeon.
             The game lasted 00:15:25 (5167 turns).

troglodite the Slasher (Demonspawn Berserker)       Turns: 5167, Time: 00:15:26

Health: 0/61       AC: 12    Str: 18      XL:     8   Next: 3%
Magic:  8/8        EV:  8    Int:  8      God:    Trog [***...]
Gold:   202        SH:  8    Dex: 11 (15) Spells: 7/7 levels left

rFire    . . .     SeeInvis +   a - +0 falchion
rCold    . . .     Gourm    .   w - +0 shield
rNeg     . . .     Faith    .   o - +0 scale mail
rPois    .         Spirit   .   (no helmet)
rElec    .         Reflect  .   p - +0 cloak
rCorr    .         Harm     .   g - +1 pair of gloves
MR       .....                  n - +1 pair of boots
Stlth    +++.......             (no amulet)
HPRegen  0.20/turn              q - ring of see invisible
MPRegen  0.11/turn              y - ring of flight

@: berserk cooldown, slowed, very slow
A: claws 1, nightstalker 2
a: Berserk, Trog's Hand, Renounce Religion, Evoke Flight


You were on level 6 of the Dungeon.
You worshipped Trog.
Trog was most pleased with you.
You were near starving.

You visited 1 branch of the dungeon, and saw 6 of its levels.

You collected 202 gold pieces.

Inventory:

Hand Weapons
 a - a +0 falchion (weapon)
Armour
 g - a +1 pair of gloves (worn)
 n - a +1 pair of boots (worn)
 o - a +0 scale mail (worn)
 p - a +0 cloak (worn)
 w - a +0 shield (worn)
Jewellery
 q - a ring of see invisible (left hand)
 y - a ring of flight (right hand)
Wands
 u - a wand of polymorph (9)
Scrolls
 d - 4 scrolls of enchant weapon {unknown}
 e - a scroll of immolation {unknown}
 h - 2 scrolls of identify
 i - 2 scrolls of teleportation {unknown}
 s - a scroll of amnesia {unknown}
 v - a scroll of remove curse
Potions
 b - 2 potions of curing
 f - 2 potions of agility {unknown}
 j - a potion of flight
 k - a potion of berserk rage
 l - a potion of mutation {unknown}
 m - a potion of lignification {unknown}
 r - a potion of resistance {unknown}
 t - 3 potions of degeneration {unknown}
 z - a potion of ambrosia {unknown}
Comestibles
 c - 11 rations
 x - 4 chunks of flesh


   Skills:
 * Level 4.7 Fighting
 + Level 4.9 Long Blades
 * Level 4.6 Armour
 * Level 3.6 Dodging
 * Level 3.4 Stealth
 * Level 1.4 Shields


You had 7 spell levels left.
You didn't know any spells.
Your spell library was empty.

Dungeon Overview and Level Annotations

Branches:
Dungeon (7/15)
 Temple: D:4-7

Altars:
Qazlal


Innate Abilities, Weirdness & Mutations

You have sharp fingernails.
You are significantly more attuned to the shadows.


Message History

The bat disappears in a puff of smoke!
You feel your dexterity returning.
You have reached level 8!
You feel stronger.
Things that are here:
a falchion; a leather armour An orc warrior comes into view.
It is wielding a hand axe.
You hear the slow hiss of a very distant avalanche of sand.
The orc warrior shouts!
You see here 12 gold pieces.
You block the orc warrior's attack.
You closely miss the orc warrior.
An orc comes into view. It is wielding a mace.
The orc warrior hits you with a hand axe.
* * * LOW HITPOINT WARNING * * *
You closely miss the orc warrior.
The orc warrior hits you but does no damage.
An orc comes into view.
The orc warrior hits you with a hand axe!
You die...

##..#...#
##....####
##..###.##
#..##..)##
#..##....##
#...##....#
#...#.o.o...#
#..#####..$(.#
..# ###.o@# ##
###...#
##....# ###..
#


You could see an orc warrior and 2 orcs.

Vanquished Creatures
  Eustachio (D:6)
  A sky beast (D:7)
  An orc warrior (D:7)
  2 ogres
  Blork the orc (D:6)
  A scorpion (D:6)
  A hound (D:4)
  3 orc priests
  An iguana (D:6)
  3 worker ants (D:4)
  3 gnolls (D:3)
  8 adders
  An ooze (D:4)
  3 worms (D:2)
  A dart slug (D:1)
  3 leopard geckos
  13 orcs
  4 bats
  A giant cockroach (D:2)
  5 hobgoblins
  4 jackals
  2 quokkas (D:2)
  4 frilled lizards
  8 goblins
  3 kobolds
  12 rats
90 creatures vanquished.

Vanquished Creatures (others)
  5 toadstools (D:1)
5 creatures vanquished.

Grand Total: 95 creatures vanquished

Notes
Turn   | Place    | Note
-------+----------+-------------------------------------------
     0 | D:1      | troglodite the Demonspawn Berserker began the quest for the
                  | Orb.
     0 | D:1      | Reached XP level 1. HP: 18/18 MP: 1/1
   517 | D:1      | Gained mutation: You are slightly more attuned to the
                  | shadows. [demonic ancestry]
   517 | D:1      | Reached XP level 2. HP: 24/24 MP: 2/2
  1035 | D:2      | Reached ** piety under Trog
  1035 | D:2      | Reached XP level 3. HP: 21/29 MP: 3/3
  2300 | D:3      | Gained mutation: You are significantly more attuned to the
                  | shadows. [demonic ancestry]
  2300 | D:3      | Reached XP level 4. HP: 30/36 MP: 4/4
  2392 | D:3      | Reached skill level 1 in Stealth
  3033 | D:3      | Found a stormy altar of Qazlal.
  3087 | D:3      | Reached XP level 5. HP: 42/42 MP: 5/5
  3463 | D:3      | Reached *** piety under Trog
  3670 | D:4      | Noticed an ogre
  3683 | D:4      | Killed an ogre
  3683 | D:4      | Gained mutation: You have sharp fingernails. [demonic
                  | ancestry]
  3683 | D:4      | Reached XP level 6. HP: 48/48 MP: 6/6
  3949 | D:4      | Received a gift from Trog
  4784 | D:4      | You fall through a shaft for 3 floors!
  4789 | D:7      | Noticed a sky beast
  4803 | D:7      | Killed a sky beast
  4807 | D:7      | Reached XP level 7. HP: 54/54 MP: 7/7
  5041 | D:6      | Noticed Blork the orc
  5053 | D:6      | Killed Blork the orc
  5053 | D:6      | Reached skill level 1 in Shields
  5128 | D:6      | Noticed Eustachio
  5156 | D:6      | Killed Eustachio
  5156 | D:6      | Reached XP level 8. HP: 14/61 MP: 8/8
  5167 | D:6      | Slain by an orc warrior

Skill      XL: |  1  2  3  4  5  6  7 |
---------------+----------------------+-----
Dodging        | 2 3 |  3.6
Long Blades    | 3 4 |  4.9
Armour         | 2 3 4 |  4.6
Stealth        | 1 2 3 |  3.4
Fighting       | 4 |  4.7
Shields        | 1 |  1.4

Action                   |  1- 3 |  4- 6 |  7- 9 || total
-------------------------+-------+-------+-------++-------
Melee: Falchion          |   135 |   173 |    60 ||   368
Invok: Berserk           |     2 |     5 |     4 ||    11
  Use: Scroll            |       |     8 |     1 ||     9
 Stab: Sleeping          |     5 |     4 |     1 ||    10
  Eat: Chunk             |     5 |     9 |     5 ||    19
       Ration            |       |     1 |       ||     1
Armor: Animal skin       |    20 |       |       ||    20
       Scale mail        |       |   103 |    90 ||   193
Dodge: Dodged            |    64 |   100 |    55 ||   219
Block: Shield            |       |       |    37 ||    37
       Rpst.: Falchion   |    19 |    23 |    13 ||    55
